[Event "WYCC 2018 O14"]
[Site "Halkidiki"]
[Date "2018.10.28"]
[Round "9"]
[White "Gharibyan, Mamikon"]
[Black "Dao, Minh Nhat"]
[Result "1/2-1/2"]
[ECO "A05"]
[WhiteElo "2314"]
[BlackElo "1956"]
[Annotator "NA"]
[PlyCount "87"]
[EventDate "2018.10.20"]
[EventType "swiss"]
[EventCountry "GRE"]
[SourceTitle "playchess.com"]
[Source "ChessBase"]
[SourceQuality "1"]
[TimeControl "40/5400+30:1800+30"]

1. Nf3 Nf6 2. c4 g6 3. Nc3 d5 4. cxd5 Nxd5 5. Qb3 Nb6 6. d4 Bg7 7. e4 O-O 8. Be3 Bg4 9. Rd1 Nc6 10. d5 Ne5 11. Be2 Nxf3+ 12. gxf3 Bh3 13. a4 e6 14. a5 Nd7 15. Rg1 exd5 16. Nxd5 Be6 17. Qb4 Bxd5 18. Rxd5 c6 19. Rd2 Qc8 20. Kf1 Nf6 21. Kg2 Nh5 22. f4 Nf6 23. Bf3 Re8 24. Rgd1 b6 25. axb6 axb6 26. h3 Rb8 27. e5 Nd5 28. Bxd5 cxd5 29. Rxd5 Qf5 30. Rd7 Bf8 31. Qc4 g5 32. fxg5 Rxe5 33. Rc7 Bc5 34. Qf4 Bxe3 35. fxe3 Qxg5+ 36. Qxg5+ Rxg5+ 37. Kf3 Rb5 38. Rdd7 Rf8 39. Rc2 Re8 40. Rc4 Rxb2 41. Rg4+ Kf8 42. Rf4 Re7 43. Rd8+ Re8 44. Rd7 1/2-1/2

[Event "WYCC 2018 O14"]
[Site "Halkidiki"]
[Date "2018.10.28"]
[Round "9"]
[White "Suleymanli, Aydin"]
[Black "Van Dael, Siem"]
[Result "1/2-1/2"]
[ECO "D43"]
[WhiteElo "2313"]
[BlackElo "2202"]
[Annotator "NA"]
[PlyCount "101"]
[EventDate "2018.10.20"]
[EventType "swiss"]
[EventCountry "GRE"]
[SourceTitle "playchess.com"]
[Source "ChessBase"]
[SourceQuality "1"]
[TimeControl "40/5400+30:1800+30"]

1. c4 c6 2. Nf3 Nf6 3. d4 d5 4. Nc3 e6 5. Bg5 h6 6. Bxf6 Qxf6 7. e3 Nd7 8. a3 Bd6 9. e4 dxe4 10. Nxe4 Qe7 11. Nxd6+ Qxd6 12. Bd3 b6 13. b4 Bb7 14. c5 Qf4 15. O-O O-O-O 16. Re1 Rhe8 17. Qc2 Kb8 18. a4 Qc7 19. cxb6 Nxb6 20. a5 Nd5 21. Qb2 a6 22. Rac1 Qd6 23. Rc5 f6 24. Rec1 Ka7 25. g3 g5 26. Be4 Ne7 27. R5c4 f5 28. Bb1 g4 29. Ne5 Qd5 30. f3 gxf3 31. Qf2 c5 32. bxc5 Nc6 33. Nxc6+ Bxc6 34. Rb4 e5 35. Ba2 Qe4 36. Re1 exd4 37. Rxe4 fxe4 38. Rb1 e3 39. Qc2 d3 40. Qb2 f2+ 41. Kf1 Bb5 42. c6 Re7 43. Qf6 d2+ 44. Kg2 f1=Q+ 45. Rxf1 Bxf1+ 46. Kg1 Rde8 47. c7 Kb7 48. Bd5+ Kxc7 49. Qc6+ Kd8 50. Qa8+ Kc7 51. Qc6+ 1/2-1/2

[Event "WYCC 2018 O14"]
[Site "Halkidiki"]
[Date "2018.10.28"]
[Round "9"]
[White "Tsay, Vincent"]
[Black "Patrelakis, Evaggelos"]
[Result "1/2-1/2"]
[ECO "E70"]
[WhiteElo "2310"]
[BlackElo "2146"]
[Annotator "NA"]
[PlyCount "143"]
[EventDate "2018.10.20"]
[EventType "swiss"]
[EventCountry "GRE"]
[SourceTitle "playchess.com"]
[Source "ChessBase"]
[SourceQuality "1"]
[TimeControl "40/5400+30:1800+30"]

1. d4 Nf6 2. c4 g6 3. Nc3 Bg7 4. e4 d6 5. Bg5 O-O 6. Qd2 Nbd7 7. Nf3 e5 8. Be2 c6 9. Rd1 exd4 10. Nxd4 Re8 11. f3 Qb6 12. Be3 Qc7 13. O-O Nh5 14. Rfe1 Ne5 15. Bf1 Qe7 16. b3 Bf6 17. Qf2 $16 a6 18. Na4 Nd7 19. g3 Ng7 20. Bg2 Ne6 21. f4 Nxd4 22. Bxd4 b5 23. Nb6 Nxb6 24. Bxf6 Qxf6 25. Qxb6 Bg4 26. Rd2 bxc4 27. bxc4 Qc3 28. Qd4 Qb4 29. Rc1 Rad8 30. h3 Be6 31. g4 Qc5 32. Kh1 Qxd4 33. Rxd4 c5 34. Rd3 f5 35. exf5 gxf5 36. Bf3 Rf8 37. g5 Rfe8 38. Bc6 Bd7 39. Bd5+ Kg7 40. Rb1 Rb8 41. Rdb3 Rxb3 42. Rxb3 Be6 43. Rb7+ Kg8 44. Rb6 Bxd5+ 45. cxd5 Re1+ 46. Kg2 Re2+ 47. Kg3 Rxa2 48. Rxd6 Ra3+ 49. Kf2 Rxh3 50. Rc6 Rd3 51. Rxc5 h6 52. gxh6 Kh7 53. Ra5 Kxh6 54. Rxa6+ Kh5 55. Rd6 Kg4 56. Ke2 Rd4 57. Ke3 Re4+ 58. Kd3 Kxf4 59. Re6 Kf3 60. Rf6 f4 61. d6 Re1 62. Kd4 Kg3 63. Rg6+ Kf2 64. Kd5 Rd1+ 65. Kc6 f3 66. d7 Rxd7 67. Kxd7 Ke2 68. Re6+ Kd1 69. Kd6 f2 70. Rf6 Ke2 71. Re6+ Kd1 72. Rf6 1/2-1/2

[Event "WYCC 2018 O14"]
[Site "Halkidiki"]
[Date "2018.10.28"]
[Round "9"]
[White "Popov, Konstantin"]
[Black "Gavriil, Odysseas-Panagiotis"]
[Result "1-0"]
[ECO "B07"]
[WhiteElo "2304"]
[BlackElo "2009"]
[Annotator "NA"]
[PlyCount "97"]
[EventDate "2018.10.20"]
[EventType "swiss"]
[EventCountry "GRE"]
[SourceTitle "playchess.com"]
[Source "ChessBase"]
[SourceQuality "1"]
[TimeControl "40/5400+30:1800+30"]

1. e4 d6 2. d4 Nf6 3. Nc3 c6 4. Nf3 Bg4 5. h3 Bh5 6. g4 Bg6 7. Qe2 e6 8. h4 h5 9. g5 Nfd7 10. d5 cxd5 11. exd5 e5 12. Bh3 Be7 13. Be3 Na6 14. O-O-O Nac5 15. Nd2 Rc8 16. f4 Na4 17. f5 Nxc3 18. bxc3 Bh7 19. Ne4 Qc7 20. Qxh5 g6 21. Qf3 gxf5 22. Bxf5 Bxf5 23. Qxf5 Nf8 24. Rdf1 Rh7 25. h5 Qd7 26. Kd2 Rc4 27. Qxd7+ Kxd7 28. Kd3 Ra4 29. Rf5 Rxa2 30. g6 Nxg6 31. hxg6 fxg6 32. Rff1 Rg7 33. Bg5 Ra4 34. Bxe7 Kxe7 35. Ra1 Rxa1 36. Rxa1 a6 37. Rb1 b5 38. Ra1 Rh7 39. Rxa6 Rh3+ 40. Ke2 Rh2+ 41. Nf2 g5 42. Kf3 Rh8 43. Rb6 Ra8 44. Ne4 Ra2 45. Nxg5 Rxc2 46. Ne4 Rb2 47. Rb7+ Kd8 48. Nxd6 Rb3 49. Nxb5 1-0

[Event "WYCC 2018 O14"]
[Site "Halkidiki"]
[Date "2018.10.28"]
[Round "9"]
[White "Tadic, Stefan"]
[Black "Karadzhov, Ivan"]
[Result "1-0"]
[ECO "C85"]
[WhiteElo "2295"]
[BlackElo "2040"]
[Annotator "NA"]
[PlyCount "55"]
[EventDate "2018.10.20"]
[EventType "swiss"]
[EventCountry "GRE"]
[SourceTitle "playchess.com"]
[Source "ChessBase"]
[SourceQuality "1"]
[TimeControl "40/5400+30:1800+30"]

1. e4 e5 2. Nf3 Nc6 3. Bb5 a6 4. Ba4 Nf6 5. O-O Be7 6. Bxc6 dxc6 7. d3 Nd7 8. Nbd2 O-O 9. Nc4 f6 10. Nh4 Nc5 11. Nf5 Bxf5 12. exf5 Qd5 13. Qg4 Kh8 $14 14. Re1 Qf7 15. Bd2 b6 16. Re3 Rg8 17. Rae1 g6 18. Bc3 gxf5 19. Qxf5 Rg7 20. Nxe5 fxe5 21. Qxe5 Bf8 22. Qg5 Qg6 23. Rg3 Qxg5 24. Rxg5 Rd8 25. Re7 Bxe7 26. Rxg7 Rd7 27. Rg6+ Bf6 28. Bxf6+ 1-0

[Event "WYCC 2018 O14"]
[Site "Halkidiki"]
[Date "2018.10.28"]
[Round "9"]
[White "Ognean, Mihnea-Ionut"]
[Black "Murzin, Volodar"]
[Result "1/2-1/2"]
[ECO "A53"]
[WhiteElo "2291"]
[BlackElo "2340"]
[Annotator "NA"]
[PlyCount "108"]
[EventDate "2018.10.20"]
[EventType "swiss"]
[EventCountry "GRE"]
[SourceTitle "playchess.com"]
[Source "ChessBase"]
[SourceQuality "1"]
[TimeControl "40/5400+30:1800+30"]

1. d4 Nf6 2. c4 d6 3. Nc3 Nbd7 4. e4 e5 5. d5 g6 6. Be3 Nc5 7. f3 a5 8. Nge2 Bg7 9. Nc1 O-O 10. Nd3 b6 11. Nxc5 dxc5 12. Bd3 Ne8 13. Nb5 Bd7 14. a4 Bh6 $14 15. Bf2 Bxb5 16. axb5 Nd6 17. Qe2 Qe7 18. Kd1 Rae8 19. Kc2 f5 20. Raf1 Bg7 21. Be3 Bf6 22. Bd2 Rf7 23. g3 Bg5 24. Bc3 f4 25. h4 Bf6 26. Qh2 Kh8 27. g4 Bg7 28. g5 Kg8 29. Rfg1 Rff8 30. Bf1 Kf7 31. Bh3 Qd8 32. Be6+ Rxe6 33. dxe6+ Kxe6 34. Rd1 Qe8 35. b3 Kf7 36. h5 Qe6 37. hxg6+ hxg6 38. Qd2 Kg8 39. Rh4 Rd8 40. Qh2 Re8 41. Rh1 a4 42. Rxf4 axb3+ 43. Kb2 Nf7 44. Kxb3 c6 45. Kb2 cxb5 46. Qh7+ Kf8 47. cxb5 Ra8 48. Ra1 Rxa1 49. Kxa1 Qb3 50. Bb2 Qa4+ 51. Kb1 Qd1+ 52. Ka2 Qa4+ 53. Kb1 Qd1+ 54. Ka2 Qa4+ 1/2-1/2

[Event "WYCC 2018 O14"]
[Site "Halkidiki"]
[Date "2018.10.28"]
[Round "9"]
[White "Cohen Revivo, Shoham"]
[Black "Kasioumis, Vasilios"]
[Result "1/2-1/2"]
[ECO "B40"]
[WhiteElo "2289"]
[BlackElo "2038"]
[Annotator "NA"]
[PlyCount "143"]
[EventDate "2018.10.20"]
[EventType "swiss"]
[EventCountry "GRE"]
[SourceTitle "playchess.com"]
[Source "ChessBase"]
[SourceQuality "1"]
[TimeControl "40/5400+30:1800+30"]

1. e4 c5 2. Nf3 e6 3. Nc3 Nc6 4. Bb5 Nge7 5. O-O a6 6. Bxc6 Nxc6 7. d4 cxd4 8. Nxd4 Qc7 9. Nxc6 bxc6 10. Qh5 d5 11. Re1 Be7 12. e5 Bb7 13. Bf4 g6 14. Qh3 O-O-O 15. Ne2 c5 16. Bd2 g5 17. Qh5 Qxe5 18. Qxf7 Qf6 19. Qxf6 Bxf6 20. Ng3 Kd7 21. Nh5 Ke7 22. Re2 Rhe8 23. Rae1 Kf7 24. Nxf6 Kxf6 25. Re5 h6 26. h4 gxh4 27. Bxh6 Rc8 28. Bg5+ Kf7 29. Bxh4 d4 30. f4 c4 31. f5 exf5 32. Rxf5+ Kg6 33. Ref1 Re6 34. Rg5+ Kh6 35. Rg3 Be4 36. Bg5+ Kh5 37. Rf4 d3 38. Rh4+ Kg6 39. Bd2+ Kf7 40. Rf4+ Ke7 41. Re3 Bd5 42. Rd4 Rxe3 43. Bxe3 Ke6 44. cxd3 cxd3 45. Rxd3 Rc2 46. Bd2 Rxb2 47. a4 Ra2 48. a5 Ra4 49. Rg3 Ra2 50. Bc3 Rxg2+ 51. Rxg2 Bxg2 52. Kxg2 Kd7 53. Kf3 Kc8 54. Be5 Kb7 55. Ke4 Ka8 56. Kd4 Ka7 57. Kc5 Ka8 58. Bd4 Kb7 59. Bc3 Ka7 60. Kc6 Kb8 61. Be5+ Ka7 62. Bc7 Ka8 63. Bb6 Kb8 64. Bc5 Ka8 65. Kb6 Kb8 66. Bd6+ Ka8 67. Bb8 Kxb8 68. Kxa6 Kc7 69. Ka7 Kc8 70. a6 Kc7 71. Ka8 Kc8 72. a7 1/2-1/2

[Event "WYCC 2018 O14"]
[Site "Halkidiki"]
[Date "2018.10.28"]
[Round "9"]
[White "Gines Esteo, Pedro Antonio"]
[Black "Kacharava, Nikolozi"]
[Result "1/2-1/2"]
[ECO "D26"]
[WhiteElo "2288"]
[BlackElo "2373"]
[Annotator "NA"]
[PlyCount "117"]
[EventDate "2018.10.20"]
[EventType "swiss"]
[EventCountry "GRE"]
[SourceTitle "playchess.com"]
[Source "ChessBase"]
[SourceQuality "1"]
[TimeControl "40/5400+30:1800+30"]

1. d4 d5 2. Nf3 Nf6 3. c4 dxc4 4. e3 e6 5. Bxc4 c5 6. dxc5 Qxd1+ 7. Kxd1 Bxc5 8. Ke2 a6 9. a3 Nbd7 10. b4 Be7 11. Bb2 b5 12. Bd3 Bb7 13. Nbd2 O-O 14. Rhc1 Rac8 15. Bd4 Nd5 16. g3 N5b6 17. h4 Na4 18. Bc2 Bd6 19. Ng5 h6 20. Bh7+ Kh8 21. Be4 Rb8 22. Ngf3 e5 23. Ba7 Ra8 24. Bxb7 Rxa7 25. Bd5 Nab6 26. Bb3 f5 27. Rc6 Rf6 28. h5 a5 29. bxa5 Rxa5 30. Nh4 Bxa3 31. Rxf6 Nxf6 32. Ng6+ Kh7 33. Nxe5 Bb4 34. Rxa5 Bxa5 35. Bc2 Bxd2 36. Bxf5+ Kg8 37. Kxd2 Nxh5 38. Bd3 b4 39. Nc6 b3 40. Bf5 Kf7 41. Kc3 Nd5+ 42. Kxb3 Nxg3 43. fxg3 Nxe3 44. Bd3 Kf6 45. Kc3 Nf5 46. g4 Ne7 47. Nd8 g6 48. Kd4 h5 49. gxh5 gxh5 50. Ke4 Ng6 51. Nc6 Kg5 52. Kf3 Kf6 53. Ke4 Kg5 54. Nd4 h4 55. Be2 h3 56. Nf3+ Kg4 57. Ne5+ Kg5 58. Nf3+ Kg4 59. Ne5+ 1/2-1/2

[Event "WYCC 2018 O14"]
[Site "Halkidiki"]
[Date "2018.10.28"]
[Round "9"]
[White "Avila Pavas, Santiago"]
[Black "Krastev, Alexander"]
[Result "0-1"]
[ECO "A49"]
[WhiteElo "2277"]
[BlackElo "2298"]
[Annotator "NA"]
[PlyCount "76"]
[EventDate "2018.10.20"]
[EventType "swiss"]
[EventCountry "GRE"]
[SourceTitle "playchess.com"]
[Source "ChessBase"]
[SourceQuality "1"]
[TimeControl "40/5400+30:1800+30"]

1. d4 Nf6 2. Nf3 g6 3. g3 Bg7 4. Bg2 c5 5. O-O O-O 6. c4 Nc6 7. d5 Na5 8. Nfd2 e6 9. Nc3 d6 10. Qc2 Re8 11. e4 exd5 12. cxd5 a6 13. b3 Bd7 14. Bb2 b5 $14 15. Rae1 b4 16. Ncb1 Bb5 17. Nc4 Bxc4 18. bxc4 Nd7 19. Bxg7 Kxg7 20. Nd2 Nb6 21. f4 Ra7 22. Bh3 Rae7 23. a3 Kg8 24. axb4 cxb4 25. c5 Nxd5 26. Qb1 Qc7 27. Rc1 Nc3 28. Qxb4 Ne2+ 29. Kh1 Nxc1 30. cxd6 Nd3 31. Qa3 Nc4 32. Nxc4 Qxc4 33. dxe7 Qxe4+ 34. Bg2 Qe3 35. Qa2 Rxe7 36. Rf3 Qc1+ 37. Bf1 Qd1 38. Qd5 Nf2+ 0-1

[Event "WYCC 2018 O14"]
[Site "Halkidiki"]
[Date "2018.10.28"]
[Round "9"]
[White "Gombocz, Ferenc Jr."]
[Black "Zhukenov, Aituar"]
[Result "1-0"]
[ECO "A20"]
[WhiteElo "2271"]
[BlackElo "2025"]
[Annotator "NA"]
[PlyCount "49"]
[EventDate "2018.10.20"]
[EventType "swiss"]
[EventCountry "GRE"]
[SourceTitle "playchess.com"]
[Source "ChessBase"]
[SourceQuality "1"]
[TimeControl "40/5400+30:1800+30"]

1. c4 e5 2. g3 Nf6 3. Bg2 d5 4. cxd5 Nxd5 5. Nc3 Nb6 6. e3 Nc6 7. Nge2 Bd6 8. O-O O-O 9. d4 exd4 10. Nxd4 Nxd4 11. exd4 c6 12. d5 cxd5 13. Nxd5 Be6 14. Ne3 $11 Be5 15. Qh5 Qc7 16. Ng4 Bd6 17. Re1 Qc5 18. Bg5 Rae8 19. b4 Qxb4 20. Nf6+ gxf6 21. Be4 Bf5 22. Bxf5 Rxe1+ 23. Kg2 Ra8 24. Qxh7+ Kf8 25. Qh8+ 1-0

[Event "WYCC 2018 O14"]
[Site "Halkidiki"]
[Date "2018.10.28"]
[Round "9"]
[White "Czopor, Maciej"]
[Black "Bassini, Emile"]
[Result "0-1"]
[ECO "B90"]
[WhiteElo "2219"]
[BlackElo "2002"]
[Annotator "NA"]
[PlyCount "146"]
[EventDate "2018.10.20"]
[EventType "swiss"]
[EventCountry "GRE"]
[SourceTitle "playchess.com"]
[Source "ChessBase"]
[SourceQuality "1"]
[TimeControl "40/5400+30:1800+30"]

1. e4 c5 2. Nf3 d6 3. d4 cxd4 4. Nxd4 Nf6 5. Nc3 a6 6. Be3 Ng4 7. Bg5 h6 8. Bh4 g5 9. Bg3 Bg7 10. Be2 h5 11. Bxg4 hxg4 12. O-O e6 13. Qd3 Nd7 14. Rad1 Ne5 15. Qe2 b5 16. a4 bxa4 17. Nxa4 Bb7 18. b3 Rc8 19. Rd2 Qe7 20. Rfd1 O-O 21. f3 f5 22. exf5 exf5 23. f4 gxf4 24. Bxf4 Nf3+ 25. Nxf3 Qxe2 26. Rxe2 gxf3 27. Re7 Rf7 28. Rxf7 Kxf7 29. gxf3 Rxc2 30. Rxd6 Bxf3 31. Rd7+ Kg6 32. Nb6 Bf8 33. Bd6 Bxd6 34. Rxd6+ Kg5 35. Nc4 Ra2 36. Rd2 Ra1+ 37. Kf2 Kf4 38. Nb2 Be4 39. Nc4 Rb1 40. Rb2 Rh1 41. Nd2 Rxh2+ 42. Ke1 Bd3 43. b4 Bb5 44. Rc2 Re2+ 45. Kd1 Ba4 46. Kxe2 Bxc2 47. Nc4 Ke4 48. Kd2 Kd4 49. Na5 Ba4 50. Nb7 Bb5 51. Nc5 Kc4 52. Nd3 Kb3 53. Nf4 Kxb4 54. Kc2 Kc4 55. Kb2 Kd4 56. Ka1 Ke4 57. Nh5 Ke3 58. Kb2 Be2 59. Ng7 f4 60. Nf5+ Ke4 61. Nh4 Bg4 62. Kc3 Bh3 63. Kb4 Bf1 64. Kc3 a5 65. Kb2 a4 66. Ka3 Bb5 67. Kb2 Bc6 68. Ka3 Kd4 69. Kb4 Be4 70. Kxa4 Ke3 71. Kb3 Kf2 72. Kc3 Kg3 73. Kd4 Kxh4 0-1

[Event "WYCC 2018 O14"]
[Site "Halkidiki"]
[Date "2018.10.28"]
[Round "9"]
[White "Tengis, Tsog-Ochir"]
[Black "Spyropoulos, Nikolaos"]
[Result "0-1"]
[ECO "D00"]
[WhiteElo "2205"]
[BlackElo "2378"]
[Annotator "NA"]
[PlyCount "110"]
[EventDate "2018.10.20"]
[EventType "swiss"]
[EventCountry "GRE"]
[SourceTitle "playchess.com"]
[Source "ChessBase"]
[SourceQuality "1"]
[TimeControl "40/5400+30:1800+30"]

1. d4 d5 2. g3 Nc6 3. Bg2 Bg4 4. Nf3 Qd7 5. h3 Bxf3 6. exf3 h5 7. O-O e6 8. c3 Bd6 9. b4 Nge7 10. Nd2 h4 11. g4 Ng6 12. Nb3 b6 13. Bd2 Nf4 14. Nc1 Ne7 $15 15. Bxf4 Bxf4 16. Nd3 Ng6 17. Re1 a5 18. a4 O-O 19. Bf1 Qe7 20. Qc2 Qf6 21. b5 Rac8 22. c4 c6 23. Qa2 Qxd4 24. bxc6 Qxc4 25. Qxc4 dxc4 26. Nxf4 Nxf4 27. Re4 Nd3 28. Rxc4 Ne5 29. Re4 Nxf3+ 30. Kg2 Nd2 31. Re2 Nxf1 32. Rc1 Rfd8 33. Kxf1 Rd6 34. Rec2 Kf8 35. c7 Ke7 36. Rc4 Rd3 37. Kg2 Kd7 38. Rf4 f6 39. g5 Rxc7 40. gxf6 gxf6 41. Rb1 Rc6 42. Rxh4 e5 43. Rh7+ Ke6 44. Rb7 Rd4 45. R7xb6 Rxb6 46. Rxb6+ Kf5 47. Ra6 Rxa4 48. Kg3 Ra1 49. Kg2 a4 50. Kh2 a3 51. Kg2 a2 52. Kf3 e4+ 53. Kg2 Kg5 54. Ra8 f5 55. Rg8+ Kh6 0-1

[Event "WYCC 2018 O14"]
[Site "Halkidiki"]
[Date "2018.10.28"]
[Round "9"]
[White "Juhasz, Agoston"]
[Black "Ibarra, Juan Martin"]
[Result "1-0"]
[ECO "B50"]
[WhiteElo "2174"]
[BlackElo "1899"]
[Annotator "NA"]
[PlyCount "89"]
[EventDate "2018.10.20"]
[EventType "swiss"]
[EventCountry "GRE"]
[SourceTitle "playchess.com"]
[Source "ChessBase"]
[SourceQuality "1"]
[TimeControl "40/5400+30:1800+30"]

1. e4 c5 2. Nf3 d6 3. Bc4 Nc6 4. c3 e6 5. Bb3 Nf6 6. d3 Be7 7. O-O O-O 8. Re1 e5 9. Nbd2 Qc7 10. a4 Bg4 11. Nc4 Na5 12. Nxa5 Qxa5 13. h3 Bxf3 14. Qxf3 Rac8 15. g4 b5 16. g5 Nd7 17. Be3 b4 18. Bd2 Qd8 19. h4 bxc3 20. bxc3 Kh8 21. Kh1 c4 22. Bxc4 Rxc4 23. dxc4 Qc8 24. Rab1 Nb6 25. Qf5 Qc6 26. c5 g6 27. Qf3 dxc5 28. Be3 f5 29. gxf6 Rxf6 30. Qg4 h5 31. Qg2 Rf8 32. Bg5 Bxg5 33. Qxg5 Qe6 34. Qg3 Rf4 35. f3 Nc4 36. Rb8+ Kg7 37. Reb1 Nd6 38. Ra8 Qa2 39. Rxa7+ Nf7 40. Rb6 Qa1+ 41. Kh2 Qa2+ 42. Qg2 Rxh4+ 43. Kg3 Rg4+ 44. fxg4 Qa1 45. Rxf7+ 1-0

[Event "WYCC 2018 O14"]
[Site "Halkidiki"]
[Date "2018.10.28"]
[Round "9"]
[White "Srihari L R"]
[Black "Naqopia, Giorgi"]
[Result "1-0"]
[ECO "E67"]
[WhiteElo "2170"]
[BlackElo "1857"]
[Annotator "NA"]
[PlyCount "121"]
[EventDate "2018.10.20"]
[EventType "swiss"]
[EventCountry "GRE"]
[SourceTitle "playchess.com"]
[Source "ChessBase"]
[SourceQuality "1"]
[TimeControl "40/5400+30:1800+30"]

1. Nf3 d6 2. d4 Nd7 3. c4 g6 4. Nc3 Bg7 5. g3 Ngf6 6. Bg2 O-O 7. O-O c6 8. d5 cxd5 9. cxd5 a6 10. a4 Ng4 11. h3 Nge5 12. Nd4 Qb6 13. e3 Nc5 14. a5 Qc7 15. Qc2 Bd7 16. Rd1 Rfc8 17. Bf1 Bf5 18. Nxf5 gxf5 19. f4 Ng6 20. g4 fxg4 21. hxg4 b5 22. Ne4 Nxe4 23. Qxe4 Qc2 24. Qxc2 Rxc2 25. Bd3 Rc5 26. e4 Bd4+ 27. Kh2 e5 28. dxe6 fxe6 29. Bxb5 Rc2+ 30. Kh1 Bxb2 31. Bxb2 Rxb2 32. Bc4 d5 33. exd5 Rc8 34. Rac1 Nxf4 35. d6 Rd8 36. d7 Kf8 37. Bxa6 Ke7 38. Bc8 h5 39. Rb1 Rc2 40. Rdc1 Rd2 41. Rd1 Rc2 42. Rf1 Ne2 43. Rf2 hxg4 44. Rbf1 Rh8+ 45. Kg2 g3 46. Rf7+ Kd6 47. Rh7 Nd4+ 48. Kg1 Ne2+ 49. Kg2 Nd4+ 50. Kxg3 Rg8+ 51. Kh3 Rd2 52. a6 Nf5 53. Rg1 Rd3+ 54. Kh2 Rd2+ 55. Kh1 Rxg1+ 56. Kxg1 Kc7 57. a7 Ra2 58. d8=Q+ Kxd8 59. Bxe6 Ra1+ 60. Kf2 Nd4 61. Bd5 1-0

[Event "WYCC 2018 O14"]
[Site "Halkidiki"]
[Date "2018.10.28"]
[Round "9"]
[White "Mishra, Abhimanyu"]
[Black "Radojicic, Aleksandar M"]
[Result "1-0"]
[ECO "B28"]
[WhiteElo "2149"]
[BlackElo "1814"]
[Annotator "NA"]
[PlyCount "101"]
[EventDate "2018.10.20"]
[EventType "swiss"]
[EventCountry "GRE"]
[SourceTitle "playchess.com"]
[Source "ChessBase"]
[SourceQuality "1"]
[TimeControl "40/5400+30:1800+30"]

1. e4 c5 2. Nf3 a6 3. c4 Nc6 4. d4 cxd4 5. Nxd4 e5 6. Nc2 Bc5 7. Nc3 d6 8. Be3 Bxe3 9. Nxe3 Be6 10. Bd3 Nge7 11. O-O O-O 12. Qd2 Qc7 13. Rac1 Nd4 14. Ne2 Nxe2+ 15. Bxe2 Rfd8 16. Rfd1 Rac8 17. b3 Qb6 18. Rc3 Rd7 19. Rd3 Rcd8 20. Qb2 Qc6 21. Nd5 Bxd5 22. cxd5 Qb6 23. Bg4 Rc7 24. Rc1 Rc5 25. Rdc3 Rxc3 26. Qxc3 f5 27. Bxf5 Nxf5 28. exf5 Qb5 29. Qc7 Qd7 30. f3 Kf7 31. g4 Ke7 32. Kf2 h6 33. Kg3 g5 34. Qxd7+ Rxd7 35. h4 Kf6 36. hxg5+ Kxg5 37. Rc8 Kf6 38. Re8 Kf7 39. Re6 Kg7 40. Rg6+ Kh7 41. Kh4 a5 42. Kh5 b5 43. Rxh6+ Kg7 44. f6+ Kg8 45. Kg6 b4 46. g5 a4 47. f7+ Rxf7 48. Rh8+ Kxh8 49. Kxf7 e4 50. g6 axb3 51. g7+ 1-0

[Event "WYCC 2018 O14"]
[Site "Halkidiki"]
[Date "2018.10.28"]
[Round "9"]
[White "Risteski, Emil"]
[Black "Fecker, Noah"]
[Result "1/2-1/2"]
[ECO "B47"]
[WhiteElo "2120"]
[BlackElo "2184"]
[Annotator "NA"]
[PlyCount "50"]
[EventDate "2018.10.20"]
[EventType "swiss"]
[EventCountry "GRE"]
[SourceTitle "playchess.com"]
[Source "ChessBase"]
[SourceQuality "1"]
[TimeControl "40/5400+30:1800+30"]

1. e4 c5 2. Nf3 e6 3. d4 cxd4 4. Nxd4 Nc6 5. Nc3 Qc7 6. f4 a6 7. Nxc6 Qxc6 8. Bd3 b5 9. Qe2 Bb7 10. Bd2 Bc5 11. O-O-O Ne7 12. a3 O-O 13. Qh5 f6 14. g4 Rac8 15. Rhf1 Qb6 16. f5 exf5 17. gxf5 Rf7 18. Rf3 d5 19. Rh3 h6 20. Nxd5 Nxd5 21. exd5 b4 22. a4 b3 23. c3 Re8 24. d6 Bd5 25. Bxh6 Qxd6 1/2-1/2

[Event "WYCC 2018 O14"]
[Site "Halkidiki"]
[Date "2018.10.28"]
[Round "9"]
[White "Antonica, Dragos-Andrei"]
[Black "Egorov, Mikhail"]
[Result "1-0"]
[ECO "D02"]
[WhiteElo "2061"]
[BlackElo "2006"]
[Annotator "NA RC"]
[PlyCount "61"]
[EventDate "2018.10.20"]
[EventType "swiss"]
[EventCountry "GRE"]
[SourceTitle "playchess.com"]
[Source "ChessBase"]
[SourceQuality "1"]
[TimeControl "40/5400+30:1800+30"]

1. d4 d5 2. Nf3 Nc6 3. c4 Bg4 4. Nc3 Nf6 5. Ne5 dxc4 6. Nxg4 Nxg4 7. d5 Nce5 8. f4 Nd7 9. e4 Nh6 10. Bxc4 g6 11. Qd4 f6 12. O-O Bg7 13. b3 Nb6 14. Bb2 e5 15. fxe5 fxe5 16. Qc5 Nxc4 17. bxc4 Qd6 18. Qb5+ c6 19. Qxb7 Rb8 20. Qxg7 Rg8 21. Qxh6 Rxb2 22. Qxh7 Rf8 23. Rxf8+ Qxf8 24. Qxg6+ Kd8 25. Rf1 Qc5+ 26. Kh1 Rf2 27. Qg5+ Kc7 28. Qxe5+ Kb6 29. Rb1+ Ka6 30. Qc7 Qb4 31. Qxc6+ 1-0

[Event "WYCC 2018 O14"]
[Site "Halkidiki"]
[Date "2018.10.28"]
[Round "9"]
[White "Stremavicius, Pijus"]
[Black "Vitenberg, Noam Aviv"]
[Result "1/2-1/2"]
[ECO "E04"]
[WhiteElo "2024"]
[BlackElo "2175"]
[Annotator "NA"]
[PlyCount "88"]
[EventDate "2018.10.20"]
[EventType "swiss"]
[EventCountry "GRE"]
[SourceTitle "playchess.com"]
[Source "ChessBase"]
[SourceQuality "1"]
[TimeControl "40/5400+30:1800+30"]

1. d4 d5 2. Nf3 Nf6 3. c4 e6 4. g3 dxc4 5. Bg2 a6 6. Ne5 Bb4+ 7. Nc3 Nd5 8. Bd2 Nb6 9. e3 Bd6 10. Nf3 O-O 11. O-O N8d7 12. Qc2 e5 13. Ne4 Re8 14. Nxd6 cxd6 15. dxe5 dxe5 16. Ba5 Qe7 17. a3 Qc5 18. Bb4 Qb5 19. Rfc1 a5 20. Bd6 Ra6 21. a4 Nxa4 22. Rxa4 Rxd6 23. Rxc4 Nb6 24. Rc5 Qb4 25. Rxe5 Red8 26. Nd4 Be6 27. b3 Bd5 28. Qf5 Bxg2 29. Kxg2 Rf6 30. Qd3 a4 31. bxa4 Qxa4 32. Qb5 Qxb5 33. Rxb5 Kf8 34. Rc7 Rb8 35. g4 h6 36. h4 g6 37. Re5 Nc8 38. Rb5 Nd6 39. Rb6 Ne4 40. Rxf6 Nxf6 41. Kf3 Ne8 42. Rd7 Nf6 43. Rc7 Ne8 44. Rd7 b5 1/2-1/2

[Event "WYCC 2018 O14"]
[Site "Halkidiki"]
[Date "2018.10.28"]
[Round "9"]
[White "Boulos, Carlos"]
[Black "Galkin, Gleb"]
[Result "0-1"]
[ECO "C49"]
[WhiteElo "2003"]
[BlackElo "2134"]
[Annotator "NA"]
[PlyCount "118"]
[EventDate "2018.10.20"]
[EventType "swiss"]
[EventCountry "GRE"]
[SourceTitle "playchess.com"]
[Source "ChessBase"]
[SourceQuality "1"]
[TimeControl "40/5400+30:1800+30"]

1. e4 e5 2. Nf3 Nc6 3. Nc3 Nf6 4. Bb5 Bb4 5. O-O O-O 6. d3 d6 7. Bg5 Ne7 8. Nh4 c6 9. Bxf6 gxf6 10. Bc4 d5 11. Bb3 Bxc3 12. bxc3 dxe4 13. dxe4 Qxd1 14. Raxd1 Ng6 15. Nxg6 hxg6 16. Rd6 Kg7 17. f4 a5 18. fxe5 fxe5 19. Bc4 f5 20. h3 f4 21. Kf2 g5 22. Rfd1 a4 23. Be6 Bxe6 24. Rxe6 Rfd8 25. Red6 Rxd6 26. Rxd6 Ra5 27. Kf3 Rc5 28. Rd3 Kf6 29. Kg4 Rc4 30. Rd6+ Ke7 31. Rd2 Rxc3 32. Kxg5 Ke6 33. h4 Rg3+ 34. Kh6 b5 35. h5 c5 36. Kh7 c4 37. h6 c3 38. Rd5 Rxg2 39. Rxb5 f3 40. Rb8 Ke7 41. Rb7+ Kd6 42. Rf7 Kc5 43. Rxf3 Kb4 44. a3+ Kc4 45. Kh8 Rxc2 46. h7 Rh2 47. Kg7 c2 48. Rf7 Kb3 49. Rc7 Kb2 50. h8=Q Rxh8 51. Kxh8 c1=Q 52. Rxc1 Kxc1 53. Kg7 Kb2 54. Kf6 Kxa3 55. Kxe5 Kb4 56. Kd6 a3 57. e5 a2 58. e6 a1=Q 59. e7 Qa4 0-1